Map: [EWC] Oceanborn

Players

Clem - Winner!

  • Race: Terran Terran
  • Spawn Location: 5:00

herO

  • Race: Protoss Protoss
  • Spawn Location: 11:00

Event: Esports World Cup 2024

VOD

Have the link to the VOD?

Description

Time

  • Played on: Aug. 18, 2024, 9:07 a.m.
  • Length: 19:10

All games in this series

Show
View Real Time Build Order
Export as new Build Order

Clem Terran - Winner!

Build Orders: Cyclone Opening 

Get SALT Encoding   

  12  0:00  SCV  
  13  0:12  SCV  
  14  0:16  Supply Depot  
  14  0:24  SCV  
  15  0:38  SCV  
  15  0:39  Barracks  
  16  0:43  Refinery  
  16  0:50  SCV  
  17  1:02  SCV  
  18  1:14  SCV  
  19  1:26  Orbital Command, Marine  
  20  1:42  Command Center  
  20  1:45  Barracks Reactor  
  20  1:53  SCV  
  21  1:57  Supply Depot  
  21  2:07  Factory  
  21  2:09  SCV  
  22  2:21  SCV, Marine x2  
  25  2:23  Refinery  
  25  2:33  SCV  
  26  2:39  Marine x2  
  28  2:45  SCV  
  29  2:53  Starport  
  29  2:55  Cyclone  
  29  2:57  SCV  
  32  2:59  Orbital Command  
  32  3:02  Marine  
  32  3:04  Marine  
  34  3:10  SCV  
  35  3:17  Supply Depot  
  35  3:22  SCV  
  35  3:25  SCV  
  37  3:29  Widow Mine  
  37  3:30  Marine, Medivac  
  37  3:33  Supply Depot  
  41  3:34  Marine  
  41  3:36  SCV  
  41  3:39  SCV  
  45  3:48  SCV  
  45  3:51  SCV, Barracks  
  45  3:55  Marine x2  
  48  3:58  Factory Tech Lab  
  48  4:00  SCV  
  49  4:03  SCV, Starport Tech Lab  
  49  4:07  Supply Depot  
  50  4:12  SCV, Marine  
  50  4:13  Marine  
  50  4:15  SCV  
  52  4:17  Bunker  
  52  4:18  Siege Tank  
  52  4:23  Banshee  
  58  4:25  SCV  
  58  4:28  SCV  
  58  4:30  Marine x2  
  62  4:37  SCV  
  60  4:40  SCV  
  55  4:48  Marine x2  
  55  4:49  SCV  
  55  4:50  Siege Tank  
  60  4:52  SCV  
  60  4:58  Marine  
  58  5:01  SCV  
  58  5:04  SCV  
  58  5:06  Marine  
  59  5:07  Raven, Barracks  
  59  5:10  Supply Depot  
  59  5:11  Marine  
  59  5:13  Supply Depot, SCV  
  59  5:16  Marine  
  59  5:17  SCV  
  61  5:22  Refinery  
  61  5:24  Siege Tank  
  61  5:25  SCV, Marine  
  63  5:29  SCV  
  60  5:37  SCV  
  60  5:41  SCV, Marine  
  61  5:47  Marine  
  61  5:49  SCV, Marauder  
  65  5:53  SCV  
  65  5:56  Marine  
  67  6:01  SCV  
  67  6:02  Marine  
  66  6:05  SCV  
  66  6:07  Siege Tank, Marine  
  66  6:11  Marauder  
  73  6:14  SCV  
  73  6:16  Bunker  
  73  6:17  SCV, Marine  
  76  6:18  Supply Depot  
  76  6:22  Bunker  
  76  6:23  Stimpack  
  76  6:26  SCV  
  76  6:28  Marine  
  78  6:42  Supply Depot  
  74  6:47  Supply Depot  
  74  6:50  SCV, Siege Tank  
  78  6:54  Refinery  
  78  6:55  Engineering Bay  
  78  6:56  Barracks Tech Lab, Marine  
  78  6:57  Supply Depot  
  78  7:03  SCV x2, Marine  
  78  7:04  Marauder  
  78  7:08  Command Center  
  83  7:12  Supply Depot  
  83  7:14  Starport Reactor, Marine  
  84  7:15  SCV x2  
  84  7:20  Combat Shield  
  84  7:21  Marine  
  85  7:25  Marauder x2  
  85  7:28  SCV x2  
  91  7:34  Supply Depot  
  88  7:38  Marine  
  88  7:39  Barracks, Factory Reactor  
  88  7:40  SCV, Marine, Barracks  
  88  7:44  SCV  
  92  7:49  Marauder  
  94  7:52  SCV, Medivac  
  94  7:54  Medivac  
  94  7:56  Marine, Marauder  
  94  7:58  Marine  
  102  8:01  Supply Depot  
  102  8:03  SCV, Concussive Shells  
  102  8:04  SCV  
  104  8:11  Marauder  
  105  8:15  SCV  
  105  8:16  SCV, Marine  
  105  8:17  Marauder  
  110  8:22  Widow Mine x2  
  110  8:25  Marine  
  110  8:26  Supply Depot  
  115  8:27  SCV  
  115  8:32  Marauder  
  115  8:33  Barracks Tech Lab  
  115  8:34  SCV, Barracks Reactor  
  118  8:35  Marine  
  118  8:36  Medivac  
  118  8:37  Medivac  
  118  8:39  SCV  
  125  8:41  Orbital Command  
  125  8:46  SCV  
  128  8:48  Widow Mine  
  128  8:49  Widow Mine  
  128  8:51  SCV  
  128  8:53  Marauder  
  133  8:58  SCV, Marine x2  
  133  8:59  Supply Depot  
  133  9:01  Terran Infantry Weapons Level 1  
  133  9:02  Marauder  
  138  9:03  SCV, Marauder  
  138  9:07  SCV  
  142  9:10  SCV  
  142  9:14  Widow Mine x2  
  142  9:15  SCV, Marauder  
  142  9:16  Marine x2  
  144  9:20  Marine  
  144  9:23  Marauder  
  135  9:24  Marauder, Medivac x2  
  135  9:25  Marine  
  139  9:34  Marine x2  
  139  9:36  Marauder  
  140  9:38  SCV  
  140  9:39  SCV  
  140  9:40  Supply Depot, SCV, Refinery  
  140  9:41  Marine, Refinery  
  140  9:44  Supply Depot, Marauder  
  145  9:46  Marine  
  145  9:50  SCV  
  145  9:51  SCV  
  148  9:54  Medivac  
  148  9:56  Command Center  
  150  10:01  Marine, Marauder  
  150  10:02  SCV  
  150  10:04  Armory  
  154  10:07  Engineering Bay  
  154  10:11  Ghost Academy  
  154  10:12  Marauder  
  154  10:13  Marauder  
  158  10:17  Marine x2  
  160  10:23  Supply Depot  
  160  10:26  Marine x2  
  160  10:27  Supply Depot  
  160  10:28  Marauder, Viking  
  164  10:33  Marauder  
  168  10:40  Barracks x2  
  168  10:44  Ghost, Barracks  
  168  10:46  Starport, Viking  
  172  10:51  Ghost  
  174  10:58  Viking  
  174  10:59  Terran Infantry Armor Level 1  
  174  11:01  Missile Turret x2, Terran Infantry Weapons Level 2  
  176  11:05  Marauder  
  176  11:08  Terran Ship Weapons Level 1  
  176  11:09  Missile Turret  
  178  11:13  Marine x4, Marauder  
  178  11:16  SCV x3  
  187  11:21  Ghost  
  189  11:29  Barracks Tech Lab x2  
  189  11:32  Marauder x2  
  193  11:33  Planetary Fortress  
  193  11:35  Viking  
  193  11:38  Viking  
  193  11:39  Marauder  
  199  11:43  Missile Turret  
  199  11:47  Missile Turret, Sensor Tower  
  199  11:49  Marine  
  199  11:52  Ghost  
  199  11:53  Marine  
  200  11:56  Ghost  
  200  12:00  Viking  
  200  12:01  SCV  
  193  12:03  Marine, Marauder x2  
  193  12:05  Refinery  
  193  12:06  Marauder  
  200  12:11  Command Center  
  200  12:22  Command Center  
  200  12:26  Refinery  
  200  12:44  Marauder  
  199  12:47  Personal Cloaking  
  199  12:52  Fusion Core  
  199  12:55  Marine  
  200  13:18  Terran Infantry Armor Level 2  
  200  13:19  Terran Infantry Weapons Level 3  
  198  13:20  Marauder  
  198  13:23  Terran Ship Weapons Level 2  
  193  13:28  Ghost  
  193  13:32  Ghost, Marauder  
  193  13:33  Marine x4, Ghost x2  
  162  13:35  Liberator x2  
  162  13:36  Liberator  
  162  13:40  Marine  
  160  13:42  Orbital Command x2  
  152  13:48  Liberator  
  152  13:51  Marine x4  
  152  13:53  Marine  
  160  13:57  Marauder  
  160  13:59  Marauder  
  160  14:01  Marine x2  
  160  14:02  Marauder  
  168  14:09  Marine x3  
  164  14:11  Marauder  
  164  14:12  Marine  
  163  14:18  Liberator x2, Marauder  
  163  14:19  Ghost  
  163  14:20  Liberator, Marauder x2  
  163  14:23  Ghost  
  171  14:27  Marine x3  
  171  14:30  Marine  
  162  14:31  Liberator  
  142  14:39  Marauder  
  142  14:41  SCV  
  142  14:42  Ghost  
  142  14:43  Marine  
  142  14:44  Marine, Marauder  
  139  14:48  Marine, Marauder  
  139  14:50  SCV x2  
  139  14:51  SCV, Marine  
  139  14:52  Marauder  
  142  15:01  Marauder x2, Viking x2  
  142  15:04  Ghost  
  142  15:06  Marine  
  141  15:08  Marine  
  141  15:10  Marauder  
  141  15:12  Marauder  
  141  15:13  Advanced Ballistics, Marauder  
  146  15:17  Marine  
  146  15:18  Marine  
  148  15:21  Liberator  
  148  15:22  Marauder  
  148  15:24  Marine  
  148  15:26  Marauder  
  156  15:28  Liberator  
  156  15:31  Marine  
  156  15:35  Marauder  
  162  15:36  Marauder  
  162  15:37  Medivac  
  162  15:38  Medivac  
  168  15:44  Marine x3  
  168  15:45  Marine  
  168  15:47  Marauder  
  168  15:48  Marauder  
  176  15:50  Marauder  
  176  15:52  SCV  
  176  15:55  Marine  
  176  15:56  Marauder  
  176  15:57  Ghost  
  179  16:02  Marine  
  179  16:04  Marauder, Medivac  
  184  16:09  Marauder  
  184  16:11  Marauder  
  176  16:12  Liberator  
  168  16:19  Liberator  
  168  16:20  Marine x2, Marauder x2  
  168  16:21  Marine  
  168  16:24  Marine  
  168  16:25  Marauder  
  181  16:26  Liberator  
  181  16:27  Marauder  
  181  16:30  Marine  
  181  16:32  Marauder  
  185  16:34  Liberator  
  185  16:38  Marine  
  185  16:39  Orbital Command  
  177  16:43  Marauder x2  
  177  16:46  Marauder  
  183  16:51  Sensor Tower  
  183  16:53  Marauder  
  185  16:55  Medivac  
  185  16:56  Marine  
  188  17:02  Marauder x2, Medivac  
  188  17:04  Marine  
  188  17:07  Orbital Command  
  195  17:10  Medivac  
  195  17:12  Ghost  
  195  17:14  Ghost  
  198  17:23  Ghost  
  198  17:24  Marine  
  198  17:27  SCV  
  198  17:28  SCV  
  187  17:30  SCV  
  187  17:31  SCV  
  187  17:33  SCV  
  185  17:37  Liberator  
  185  17:38  Marine  
  185  17:39  SCV  
  185  17:40  SCV  
  191  17:46  Liberator  
  191  17:48  Liberator  
  191  17:49  Ghost  
  196  17:52  Marine  
  196  17:56  Liberator, Marine  
  196  17:58  Marine  
  190  18:00  Marine  
  190  18:03  Marine, Marauder  
  190  18:04  Marine, Marauder  
  190  18:05  Marine  
  197  18:10  Marine  
  193  18:16  Marine  
  193  18:17  Marine  
  193  18:19  Marine, Marauder  
  182  18:20  Viking  
  182  18:21  Refinery  
  182  18:22  Marauder  
  182  18:23  Refinery  
  182  18:25  Marine  
  182  18:26  Marauder x3  
  194  18:29  Medivac  
  194  18:31  Medivac  
  194  18:34  Marine  
  199  18:40  Marauder  
  199  18:42  Marine  
Show
View Real Time Build Order
Export as new Build Order

herO Protoss 

Build Orders: 1 Gate Expand, Blink Stalkers 

Get SALT Encoding   

  12  0:01  Probe  
  13  0:13  Probe  
  14  0:18  Pylon  
  14  0:25  Probe (Chrono Boost)  
  15  0:37  Probe (Chrono Boost)  
  15  0:38  Gateway  
  16  0:45  Probe (Chrono Boost)  
  16  0:47  Assimilator  
  17  0:51  Probe  
  18  1:03  Probe  
  19  1:15  Probe  
  20  1:25  Cybernetics Core  
  20  1:34  Nexus  
  20  1:40  Pylon  
  20  1:44  Probe  
  21  1:51  Assimilator  
  21  1:56  Probe  
  21  1:59  Adept (Chrono Boost)  
  21  2:02  Warp Gate  
  21  2:08  Probe  
  24  2:19  Adept (Chrono Boost)  
  24  2:20  Probe  
  27  2:28  Twilight Council  
  27  2:32  Probe  
  28  2:42  Stalker  
  30  2:44  Probe  
  30  2:47  Probe  
  30  2:50  Blink (Chrono Boost)  
  32  2:53  Gateway  
  32  2:58  Probe  
  33  2:59  Probe  
  34  3:10  Probe  
  34  3:11  Probe  
  36  3:22  Probe  
  36  3:23  Probe  
  36  3:26  Robotics Facility  
  38  3:34  Probe  
  38  3:35  Probe  
  38  3:36  Gateway  
  40  3:42  Pylon  
  40  3:48  Gateway, Probe  
  40  3:49  Probe  
  40  3:55  Stalker  
  44  3:58  Stalker  
  46  4:04  Probe  
  46  4:05  Probe  
  48  4:10  Pylon  
  48  4:13  Warp Prism (Chrono Boost)  
  50  4:22  Stalker  
  50  4:23  Stalker  
  54  4:28  Probe x2  
  56  4:31  Stalker  
  58  4:40  Probe x2  
  58  4:42  Observer  
  54  4:52  Probe (Chrono Boost)  
  53  4:54  Probe (Chrono Boost)  
  48  5:04  Probe (Chrono Boost)  
  49  5:08  Stalker x4  
  49  5:09  Probe (Chrono Boost)  
  49  5:11  Probe (Chrono Boost)  
  57  5:16  Assimilator, Probe  
  57  5:18  Probe  
  59  5:26  Pylon  
  59  5:28  Probe  
  59  5:30  Probe  
  59  5:40  Probe  
  59  5:41  Stalker  
  62  5:44  Stalker x2, Probe  
  62  5:45  Zealot, Pylon  
  69  5:52  Probe  
  69  5:55  Pylon  
  69  5:56  Probe  
  64  6:05  Probe (Chrono Boost)  
  64  6:07  Stalker x2  
  64  6:08  Stalker, Probe (Chrono Boost)  
  66  6:14  Shield Battery  
  66  6:16  Probe (Chrono Boost)  
  66  6:17  Probe (Chrono Boost)  
  65  6:21  Probe (Chrono Boost)  
  65  6:22  Probe (Chrono Boost)  
  67  6:30  Nexus  
  67  6:31  Probe  
  68  6:34  Probe  
  69  6:43  Probe  
  69  6:46  Probe  
  71  6:50  Shield Battery  
  71  6:52  Charge  
  70  6:55  Forge, Probe (Chrono Boost)  
  70  6:58  Probe (Chrono Boost)  
  70  7:01  Zealot, Sentry x2  
  76  7:04  Pylon  
  76  7:07  Probe (Chrono Boost)  
  79  7:10  Observer  
  79  7:11  Shield Battery, Probe (Chrono Boost)  
  79  7:14  Pylon  
  81  7:16  Probe x2 (Chrono Boost)  
  83  7:23  Protoss Ground Weapons Level 1 (Chrono Boost), Probe  
  83  7:25  Probe  
  84  7:30  Zealot x2, Sentry  
  84  7:35  Probe  
  91  7:37  Probe  
  91  7:42  Gateway, Pylon  
  92  7:45  Gateway  
  92  7:47  Probe  
  92  7:49  Probe  
  92  7:50  Probe  
  95  7:57  Zealot, Sentry  
  95  7:58  Zealot  
  101  8:00  Immortal (Chrono Boost)  
  103  8:09  Gateway  
  103  8:12  Zealot  
  103  8:13  Probe  
  103  8:14  Probe  
  103  8:19  Robotics Bay  
  107  8:20  Gateway  
  107  8:24  Shield Battery  
  107  8:25  Pylon  
  107  8:28  Photon Cannon  
  107  8:29  Stalker  
  109  8:38  Zealot x3  
  115  8:46  Nexus  
  115  8:49  Pylon  
  115  8:51  Observer  
  115  8:58  Zealot x5  
  125  9:02  Zealot  
  115  9:21  Colossus (Chrono Boost)  
  115  9:24  Zealot x7  
  106  9:36  Extended Thermal Lance (Chrono Boost)  
  106  9:37  Probe  
  106  9:38  Probe x2  
  105  9:39  Shield Battery  
  105  9:50  Probe x3  
  108  9:55  Pylon  
  108  9:56  Protoss Ground Weapons Level 2 (Chrono Boost)  
  108  9:57  Stalker x3  
  108  9:58  Stalker  
  116  10:03  Probe x2  
  116  10:04  Probe  
  117  10:14  Probe, Colossus (Chrono Boost)  
  124  10:17  Nexus  
  124  10:20  Shield Battery  
  124  10:27  Pylon  
  124  10:34  Stalker x3  
  124  10:35  Zealot x3  
  136  10:39  Shield Battery, Probe x2  
  136  10:41  Phoenix, Pylon  
  138  10:49  Gateway  
  138  10:50  Gateway  
  138  10:51  Shield Battery, Forge  
  138  10:56  Zealot x2  
  142  10:58  Disruptor (Chrono Boost)  
  142  11:01  Zealot  
  148  11:08  Zealot x2, Sentry  
  148  11:09  Zealot x2  
  158  11:13  Probe x3, Photon Cannon  
  158  11:14  Probe  
  162  11:19  Stalker x2  
  166  11:26  Stalker  
  166  11:28  Photon Cannon  
  166  11:30  Protoss Ground Armor Level 1 (Chrono Boost)  
  166  11:32  Zealot x3  
  174  11:37  Photon Cannon  
  174  11:40  Warp Prism (Chrono Boost)  
  176  11:50  Zealot x6  
  165  12:01  Probe x4  
  165  12:06  Nexus  
  168  12:10  Pylon  
  168  12:11  Robotics Facility  
  168  12:13  Disruptor (Chrono Boost)  
  172  12:18  Probe x4  
  172  12:19  Assimilator x2, Pylon  
  176  12:28  Zealot x3  
  182  12:31  Zealot  
  182  12:36  Protoss Ground Weapons Level 3 (Chrono Boost)  
  182  12:51  Nexus  
  182  12:54  Pylon  
  182  12:56  Shield Battery  
  182  12:58  Disruptor  
  172  12:59  Zealot x6  
  172  13:00  Zealot x3  
  192  13:12  Disruptor  
  196  13:14  Photon Cannon  
  196  13:16  Photon Cannon  
  190  13:21  Zealot x6  
  166  13:35  Disruptor (Chrono Boost)  
  166  13:40  Zealot x4  
  170  13:53  Stalker x3, Zealot x3  
  182  13:58  Photon Cannon  
  182  14:01  Protoss Ground Armor Level 2 (Chrono Boost)  
  182  14:09  Zealot x4  
  182  14:14  Disruptor, Gateway  
  182  14:15  Gateway x3  
  184  14:17  Gateway  
  172  14:31  Zealot x10  
  152  14:38  Disruptor (Chrono Boost)  
  144  14:47  Disruptor (Chrono Boost)  
  144  14:51  Zealot x10  
  140  15:07  Disruptor (Chrono Boost)  
  140  15:12  Probe  
  140  15:13  Probe x5  
  126  15:14  Warp Prism (Chrono Boost)  
  126  15:15  Stalker x7  
  142  15:22  Stalker x2  
  146  15:33  Probe x5  
  146  15:34  Probe  
  152  15:37  Pylon  
  152  15:38  Zealot x6  
  152  15:42  Stargate  
  164  15:54  Zealot x5, Sentry  
  172  16:04  Pylon  
  132  16:21  Stalker x6  
  132  16:22  Zealot x7  
  129  16:33  Probe x3  
  129  16:34  Probe  
  129  16:38  Disruptor (Chrono Boost), Phoenix (Chrono Boost)  
  130  16:45  Probe x4  
  130  16:46  Probe  
  139  16:48  Assimilator  
  139  16:49  Photon Cannon  
  139  16:55  Shield Battery  
  139  16:56  Pylon  
  139  17:01  Stalker x2  
  139  17:04  Stalker  
  139  17:06  Zealot x3  
  149  17:17  Zealot x4  
  149  17:30  Disruptor  
  149  17:32  Zealot x5  
  157  17:40  Zealot x3  
  125  18:01  Zealot x9  
  141  18:07  Stalker  
  113  18:24  Disruptor x2 (Chrono Boost)  
  97  18:40  Zealot x7  
  107  18:45  Sentry x2  
Tags
 
Add a new tag
Caveats
  • Supply blocks, unpowered buildings, or Contaminate may cause inaccurate times.
  • Supply counts are checked every 10 seconds.